 Dungeon Crawl Stone Soup version 0.29.0 (webtiles) character file.

Game seed: 2626750103789757338

6 Cluey the Ducker (level 1, -4/10 HPs)
             Began as a Felid Berserker on Sept 17, 2022.
             Was a Follower of Trog.
             Slain by a quokka (5 damage)
             ... on level 1 of the Dungeon.
             The game lasted 00:02:24 (333 turns).

Cluey the Ducker (Felid Berserker)                   Turns: 333, Time: 00:02:25

Health: -4/10      AC:  1    Str: 13    XL:     1   Next: 75%
Magic:  2/2        EV: 18    Int:  8    God:    Trog [*.....]
Gold:   0          SH:  0    Dex: 15    Spells: 0/0 levels left
                                        Lives:  0   Deaths: 0

rFire   . . .      SeeInvis +     - Unarmed
rCold   . . .      Faith    .   (shield unavailable)
rNeg    . . .      Spirit   .   (body armour unavailable)
rPois   .          Reflect  .   (helmet unavailable)
rElec   .          Harm     .   (cloak unavailable)
rCorr   .          Rampage  .   (gloves unavailable)
Will    .....                   (boots unavailable)
Stlth   +.........              (no amulet)
HPRegen 0.03/turn               (no ring)
MPRegen 0.08/turn               (no ring)

@: quick
A: very small, claws 1, fangs 3, see invisible, speed 1, shaggy fur 1, stealthy
paws, no weapons or thrown items, no armour, multi-lived
a: Renounce Religion, Berserk


You were on level 1 of the Dungeon.
You worshipped Trog.
Trog was aware of your devotion.
You visited 1 branch of the dungeon, and saw 1 of its levels.

Inventory:

Scrolls
 a - a scroll of poison {unknown}
 b - a scroll of identify {unknown}
 c - a scroll of summoning {unknown}


   Skills:
 + Level 3.1 Fighting
 + Level 4.2 Dodging
 + Level 3.1 Unarmed Combat


You couldn't memorise any spells.
You didn't know any spells.
Your spell library was empty.

Dungeon Overview and Level Annotations

Branches:
Dungeon (1/15)

Altars:


Innate Abilities, Weirdness & Mutations

You have sharp claws.
You have razor-sharp teeth.
You have supernaturally acute eyesight. (SInv)
You cover ground quickly. (Speed+)
You are covered in fur. (AC +1)
Your paws help you pounce on unaware monsters.
You are incapable of wielding weapons or throwing items.
You cannot wear armour.
You gain extra lives every three experience levels.


Message History

You see here a scroll labelled KIMMIO YSMEA.
b - a scroll labelled KIMMIO YSMEA The kobold shouts!
The kobold throws a stone.
The stone closely misses you.
You see here a scroll labelled BOPOUN KALO.
c - a scroll labelled BOPOUN KALO The kobold closely misses you.
You scratch the kobold.
You kill the kobold!
Trog accepts your kill.
A ball python is nearby!
The ball python bites you. The ball python closely misses you.
You barely miss the ball python. The ball python closely misses you. x2
You scratch the ball python.
The ball python is severely wounded.
The ball python bites you.
* * * LOW HITPOINT WARNING * * *
The ball python grabs you. The ball python constricts you.
* * * LOW HITPOINT WARNING * * *
You claw the ball python!
You kill the ball python!
Trog accepts your kill.
You start resting.
A quokka comes into view.
You start resting.
A quokka is nearby!
You barely miss the quokka. The quokka closely misses you.
You barely miss the quokka. The quokka bites you.
You scratch the quokka.
The quokka is severely wounded.
The quokka bites you.
* * * LOW HITPOINT WARNING * * *
You miss the quokka.
The quokka is severely wounded.
The quokka barely misses you. The quokka completely misses you.
You closely miss the quokka.
The quokka is severely wounded.
The quokka bites you.
Ouch! That really hurt!
You die...

............)...............
............................
.........†..................
.#...#.###............#....
#..................)......
#...............###.......
###.......^.......##.....§..
#.........r####...##.S#..§≈.
#..........@.##...#....#..§.
#............##...#.....#.)≈
#######'##...##......≈...#.≈
#...##.##...#........≈§..#.
####...##..#...#.........§§≈.#
#......###'#####............≈.
#..................#..######..
#..................##.......≈.
#.........[........##...§§§≈.#


You could see a quokka.

Vanquished Creatures
  2 hobgoblins (D:1)
  2 kobolds (D:1)
  A ball python (D:1)
  A rat (D:1)
6 creatures vanquished.

Notes
Turn   | Place    | Note
-------+----------+-------------------------------------------
     0 | D:1      | Cluey the Felid Berserker began the quest for the Orb.
     0 | D:1      | Reached XP level 1. HP: 10/10 MP: 2/2
   333 | D:1      | Slain by a quokka

Illustrated notes

Levels and vault maps discovered:
D:1:      minmay_arrival_radiant_lines, layout_basic,
          ebering_ecumenical_altar_ruins

Action                   || total
-------------------------++-------
Melee: Unarmed           ||    20
       Bite              ||     1
Armor: Skin              ||     1
Dodge: Dodged            ||    12
